 Dungeon Crawl Stone Soup version 0.20.1-1-g8b1a95d (webtiles) character file.

28 tidbits the Insei (level 2, 0/22 HPs)
             Began as a Demigod Transmuter on Aug 11, 2017.
             Slain by a kobold
             ... wielding a +0 club
              (3 damage)
             ... on level 2 of the Dungeon.
             The game lasted 00:03:52 (382 turns).

tidbits the Insei (Demigod Transmuter)               Turns: 382, Time: 00:03:52

Health: 0/22       AC:  3    Str: 13    XL:     2   Next: 75%
Magic:  7/7        EV: 12    Int: 17    God:
Gold:   30         SH:  0    Dex: 16    Spells: 1/4 levels left

rFire    . . .     SeeInvis .     - Unarmed
rCold    . . .     Gourm    .   (no shield)
rNeg     . . .     Faith    .   b - +0 robe
rPois    .         Spirit   .   E - +0 helmet
rElec    .         Reflect  .   (no cloak)
rCorr    .         Harm     +   (no gloves)
MR       .....                  (boots currently unavailable)
Stlth    +.........             k - amulet of harm
Regen    0.1/turn               (no ring)
MPRegen  0.1/turn               (no ring)

@: appendage (expiring), very slightly contaminated
A: talons 3, high mp 1
a: End Transformation


You were on level 2 of the Dungeon.
You were not hungry.
You had grown temporary talons.
You visited 1 branch of the dungeon, and saw 2 of its levels.

You collected 30 gold pieces.

Inventory:

Missiles
 a - 12 arrows
 g - 2 stones (quivered)
Armour
 b - a +0 robe (worn)
 E - a +0 helmet (worn)
Jewellery
 k - an amulet of harm (around neck)
   (You found it on level 2 of the Dungeon)
Scrolls
 h - a scroll of enchant weapon {unknown}
 i - a scroll of remove curse {unknown}
 j - a scroll of immolation {unknown}
Potions
 e - a potion of brilliance {unknown}
 f - a potion of invisibility
Books
 c - a book of Changes

   Spells                             Type                      Level
   a - Beastly Appendage              Transmutation                1
   b - Sticks to Snakes               Transmutation                2
   c - Spider Form                    Transmutation/Poison         3
   d - Ice Form                       Ice/Transmutation            4
   e - Blade Hands                    Transmutation                5
Comestibles
 d - a bread ration


   Skills:
 - Level 0.8 Fighting
 - Level 1.7 Dodging
 + Level 3.8 Unarmed Combat
 - Level 1.7 Spellcasting
 - Level 1.7 Transmutations


You had one spell level left.
You knew the following spells:

 Your Spells              Type           Power        Failure   Level  Hunger
e - Beastly Appendage     Tmut           #.....       10%         1    #......
k - Sticks to Snakes      Tmut           #.......     14%         2    ###....


Dungeon Overview and Level Annotations

Branches:
Dungeon (2/15)


Innate Abilities, Weirdness & Mutations

You have an increased reservoir of magic. (+10% MP)
You have claws for feet.


Message History

You punch the hobgoblin!
You kill the hobgoblin!
A leopard gecko and a rat come into view.
The leopard gecko hisses angrily.
The leopard gecko misses you. The leopard gecko bites you.
* * * LOW HITPOINT WARNING * * *
Your transformation is almost over.
You barely miss the leopard gecko.
The leopard gecko bites you but does no damage.
You closely miss the leopard gecko. The leopard gecko closely misses you.
You hit the leopard gecko but do no damage.
You headbutt the leopard gecko.
The leopard gecko is moderately wounded.
The leopard gecko bites you.
* * * LOW HITPOINT WARNING * * *
You miss the leopard gecko.
The leopard gecko is moderately wounded.
The leopard gecko closely misses you.
It was a potion of invisibility.
You fade into invisibility!
The leopard gecko closely misses you.
You are very lightly contaminated with residual magic.
It was a potion of curing.
You feel better.
The leopard gecko completely misses you.
The leopard gecko barely misses you.
You hit the leopard gecko.
You kill the leopard gecko!
You catch the helpless Robin completely off-guard!
You hit Robin.
Robin is severely wounded.
Robin closely misses you.
You catch the helpless Robin completely off-guard!
You hit Robin. Your headbutt misses Robin.
Robin is almost dead.
Robin hits you with a short sword.
* * * LOW HITPOINT WARNING * * *
You barely miss Robin.
Robin is almost dead.
Your horns disappear.
Robin barely misses you.
You hit Robin.
Robin is almost dead.
Robin misses you.
You hit Robin.
You kill Robin!
You closely miss the rat. The rat closely misses you.
You barely miss the rat. The rat closely misses you.
You hit the rat but do no damage. The rat misses you.
You hit the rat but do no damage. The rat bites you.
* * * LOW HITPOINT WARNING * * *
You hit the rat.
The rat is severely wounded.
The rat closely misses you.
You catch the helpless rat completely off-guard!
You hit the rat.
You kill the rat!
You open the door. 2 kobolds come into view.
A kobold is wielding a dagger of venom.
Found 7 gold pieces and a scroll labeled QIPNUNORYAGH.
There is an open door here.
e - a fizzy puce potion
Things that are here:
a short sword; a robe; a helmet
l - a helmet Wear which item? (? for menu, Esc to quit)
You start putting on your armour.
You continue putting on your helmet. x4
You finish putting on your +0 helmet.
Adjust (i)tems, (s)pells, or (a)bilities?
Adjust which item? (? for menu, Esc to quit)
l - a +0 helmet (worn)
Adjust to which letter? (? for menu, Esc to quit)
E - a +0 helmet (worn)
Search for what [? for help]? weapon
Things that are here:
a short sword; a robe
Casting: Beastly Appendage
Confirm with . or Enter, or press ? or * to list all spells.
Your feet morph into talons.
You flicker for a moment.
There is an open door here.
The kobold hits you with a club.
* * * LOW HITPOINT WARNING * * *
The kobold shouts!
Found a leather armour.
Your transformation is almost over.
A goblin comes into view.
There is an open door here.
You hit the kobold.
You kill the kobold!
You flicker back into view.
There is an open door here.
You see here a dagger of venom.
You barely miss the kobold. Your kick misses the kobold.
The kobold hits you but does no damage.
You closely miss the kobold. The kobold closely misses you.
You closely miss the kobold.
The goblin shouts!
Your kick misses the kobold. The kobold hits you with a club.
You die...

#.####.# ###......#
####.....#### .........)..#
###.....##†# .
####.....##.##....
.........'.....#########
####.....##.####....)..#
####.....##.# #@##.#..#
.........##....#Kg####.#
.........#####.##.# #..#
.............#.#....##)# #.#
.........###.#.##...[#†#...#
.........# #.#.#..#$?#.##..#
.........# #.#.#######.##..#
.........# #.#.#
#......######
.......#####'#.## #.........
.#


You could see a goblin and a kobold.

Vanquished Creatures
  Robin (D:2)
  2 leopard geckos (D:2)
  2 bats (D:2)
  2 goblins
  2 hobgoblins
  3 jackals (D:2)
  A frilled lizard (D:2)
  3 kobolds
  4 rats
20 creatures vanquished.

Vanquished Creatures (others)
  7 goblins (D:2)
  2 hobgoblins (D:2)
9 creatures vanquished.

Grand Total: 29 creatures vanquished

Notes
Turn   | Place    | Note
-------+----------+-------------------------------------------
     0 | D:1      | tidbits the Demigod Transmuter began the quest for the Orb.
     0 | D:1      | Reached XP level 1. HP: 15/15 MP: 5/5
    78 | D:2      | Reached skill level 3 in Unarmed Combat
   125 | D:2      | Reached XP level 2. HP: 7/22 MP: 5/7
   130 | D:2      | Learned a level 2 spell: Sticks to Snakes
   302 | D:2      | Noticed Robin
   335 | D:2      | HP: 1/22 [leopard gecko (3)]
   344 | D:2      | Killed Robin
   348 | D:2      | HP: 2/22 [rat (2)]
   382 | D:2      | Slain by a kobold

Skill      XL: |  1 |
---------------+----+-----
Unarmed Combat | 3 |  3.8
Fighting       | |  0.8
Dodging        | |  1.7
Spellcasting   | |  1.7
Transmutations | |  1.7

Action                   || total
-------------------------++-------
Melee: Unarmed           ||    69
       Kick              ||     2
       Headbutt          ||     3
       Punch             ||     2
 Cast: Beastly Appendage ||    14
  Use: Potion            ||     2
 Stab: Invisible         ||     3
Armor: Robe              ||    12
Dodge: Dodged            ||    53

Table legend:
 A = Turns spent in this place as a percentage of turns spent in the entire game.
 B = Non-inter-level travel turns spent in this place as a percentage of non-inter-level travel turns spent in the entire game.
 C = Inter-level travel turns spent in this place as a percentage of turns spent in this place.
 D = Turns resting spent in this place as a percentage of non-inter-level travel turns spent in this place.
 E = Turns spent auto-exploring this place as a percentage of non-inter-level travel turns spent in this place.
 F = Non-inter-level travel turns spent in this place divided by the number of levels of this place that you've seen.
                   A       B       C       D       E      F
               +-------+-------+-------+-------+-------+----------------------
         Total | 100.0 | 100.0 |   0.0 |   0.0 |   0.0 | 184.5
       Dungeon | 100.0 | 100.0 |   0.0 |   0.0 |   0.0 | 184.5
               +-------+-------+-------+-------+-------+----------------------

Table legend:
 A = Kills in this place as a percentage of kills in entire the game.
 B = Kills by you in this place as a percentage of kills by you in the entire game.
 C = Kills by friends in this place as a percentage of kills by friends in the entire game.
 D = Other kills in this place as a percentage of other kills in the entire game.
 E = Experience gained in this place as a percentage of experience gained in the entire game.
 F = Experience gained in this place divided by the number of levels of this place that you have seen.
                   A       B       C       D       E      F
               +-------+-------+-------+-------+-------+----------------------
         Total | 100.0 | 100.0 |  -nan |  -nan | 100.0 |  20.0
       Dungeon | 100.0 | 100.0 |  -nan |  -nan | 100.0 |  20.0
               +-------+-------+-------+-------+-------+----------------------

Vault maps used:
D:1:      dpeg_arrival_connections, nemelex_diamond_rough_becter
D:2:      minmay_wonky_spiral, first_bread, kennysheep_cross_room,
          lemuel_old_faithful, uniq_jessica, uniq_terence, uniq_robin
